 Dungeon Crawl Stone Soup version 0.21-a0-414-gba8bdf1 (webtiles) character file.

7 Dysjunc the Magician (level 2, -2/19 HPs)
             Began as a Gnoll Wizard on Nov 2, 2017.
             Slain by a kobold
             ... wielding a +2 short sword of draining
              (3 damage)
             ... on level 1 of the Dungeon.
             The game lasted 00:04:23 (583 turns).

Dysjunc the Magician (Gnoll Wizard)                  Turns: 583, Time: 00:04:23

Health: -2/19      AC:  3    Str:  9    XL:     2   Next: 4%
Magic:  10/10      EV: 12    Int: 20    God:
Gold:   65         SH:  0    Dex: 13    Spells: 14/15 levels left

rFire    . . .     SeeInvis .   e - +0 dagger
rCold    . . .     Gourm    .   (no shield)
rNeg     . . .     Faith    .   a - +0 robe
rPois    .         Spirit   .   b - +1 hat
rElec    .         Reflect  .   (no cloak)
rCorr    .         Harm     .   (no gloves)
MR       .....                  (no boots)
Stlth    ++........             (no amulet)
HPRegen  0.06/turn              (no ring)
MPRegen  0.12/turn              (no ring)

@: heavily drained
A: distributed training, fangs 1, strong nose
a: no special abilities


You were on level 1 of the Dungeon.
You were not hungry.

You visited 1 branch of the dungeon, and saw 2 of its levels.

You collected 65 gold pieces.

Inventory:

Hand Weapons
 e - a +0 dagger (weapon)
Missiles
 j - 15 poisoned needles
Armour
 a - a +0 robe (worn)
 b - a +1 hat (worn)
Scrolls
 l - 2 scrolls of remove curse
 p - a scroll of blinking
Potions
 g - a potion of curing
Books
 c - a book of Minor Magic

   Spells                             Type                      Level
   a - Magic Dart                     Conjuration                  1
   b - Blink                          Translocation                2
   c - Call Imp                       Summoning                    2
   d - Slow                           Hexes                        2
   e - Conjure Flame                  Conjuration/Fire             3
   f - Mephitic Cloud                 Conjuration/Poison/Air       3
Comestibles
 d - 2 bread rations


   Skills:
 + Level 0.2(0.0) Fighting
 + Level 0.2(0.0) Short Blades
 + Level 0.2(0.0) Long Blades
 + Level 0.2(0.0) Axes
 + Level 0.2(0.0) Maces & Flails
 + Level 0.2(0.0) Polearms
 + Level 0.2(0.0) Staves
 + Level 0.2(0.0) Slings
 + Level 0.2(0.0) Bows
 + Level 0.2(0.0) Crossbows
 + Level 0.2(0.0) Throwing
 + Level 0.2(0.0) Armour
 + Level 4.4(1.9) Dodging
 + Level 4.0(1.5) Stealth
 + Level 0.2(0.0) Shields
 + Level 0.2(0.0) Unarmed Combat
 + Level 7.1(4.3) Spellcasting
 + Level 2.0(0.0) Conjurations
 + Level 0.1(0.0) Hexes
 + Level 0.1(0.0) Charms
 + Level 2.0(0.0) Summonings
 + Level 0.1(0.0) Necromancy
 + Level 2.0(0.0) Translocations
 + Level 0.1(0.0) Transmutations
 + Level 0.1(0.0) Fire Magic
 + Level 0.1(0.0) Ice Magic
 + Level 0.1(0.0) Air Magic
 + Level 0.1(0.0) Earth Magic
 + Level 0.1(0.0) Poison Magic
 + Level 0.3(0.0) Invocations
 + Level 0.2(0.0) Evocations


You had 14 spell levels left.
You knew the following spells:

 Your Spells              Type           Power        Failure   Level  Hunger
q - Magic Dart            Conj           #...         12%         1    None


Dungeon Overview and Level Annotations

Branches:
Dungeon (2/15)

Altars:
Ashenzari
Qazlal


Innate Abilities, Weirdness & Mutations

Your experience applies equally to all skills.
You have very sharp teeth.
Your uncanny sense of smell can sniff out nearby items.


Message History

You start resting.
You closely miss the kobold.
The kobold shouts!
The kobold hits you but does no damage.
You feel drained.
You hit the kobold.
The kobold is moderately wounded.
The kobold barely misses you.
You completely miss the kobold.
The kobold is moderately wounded.
The kobold barely misses you.
You hit the kobold.
The kobold is heavily wounded.
The kobold hits you with a short sword of draining.
You feel drained.
You closely miss the kobold.
The kobold is heavily wounded.
The kobold hits you with a short sword of draining.
* * * LOW HITPOINT WARNING * * *
You feel drained.
You die...

######### ####.......# #
##########..........#
##########..........##.......####
.#[................K########.....
............#...###.# #.....
............#..K###(## #.....
............##..@#...## #.....
..#####.#.###.........## #.....
..# #.#..............# #.....
.######.##.............# #.....
.......................# #.....
..#####..##...........## #.....
..# ##.###.....#...## #..... ..#
*,* ##.#####.## ##..## ..#
*,*##......#.# #....


You could see a kobold.

Vanquished Creatures
  A giant cockroach (D:1)
  A goblin (D:1)
  2 kobolds (D:1)
  A bat (D:1)
  3 rats (D:1)
8 creatures vanquished.

Notes
Turn   | Place    | Note
-------+----------+-------------------------------------------
     0 | D:1      | Dysjunc the Gnoll Wizard began the quest for the Orb.
     0 | D:1      | Reached XP level 1. HP: 13/13 MP: 8/8
   408 | D:1      | Reached XP level 2. HP: 19/19 MP: 7/10
   486 | D:2      | Found a stormy altar of Qazlal.
   492 | D:2      | Found a shattered altar of Ashenzari.
   583 | D:1      | Slain by a kobold

Vault maps used:
D:1:      lightli_arrival_flooded_house
D:2:      grunt_temple_overflow_open, minmay_misc_feat_secret_circle,
          dk_noncrumbling_4

Skill      XL: |  1 |
---------------+----+-----
Conjurations   | 2 |  2.0
Summonings     | 2 |  2.0
Translocations | 2 |  2.0
Fighting       | |  0.2
Short Blades   | |  0.2
Long Blades    | |  0.2
Axes           | |  0.2
Maces & Flails | |  0.2
Polearms       | |  0.2
Staves         | |  0.2
Slings         | |  0.2
Bows           | |  0.2
Crossbows      | |  0.2
Throwing       | |  0.2
Armour         | |  0.2
Dodging        | |  4.4
Stealth        | |  4.0
Shields        | |  0.2
Unarmed Combat | |  0.2
Spellcasting   | |  7.1
Hexes          | |  0.1
Charms         | |  0.1
Necromancy     | |  0.1
Transmutations | |  0.1
Fire Magic     | |  0.1
Ice Magic      | |  0.1
Air Magic      | |  0.1
Earth Magic    | |  0.1
Poison Magic   | |  0.1
Invocations    | |  0.3
Evocations     | |  0.2

Action                   || total
-------------------------++-------
Melee: Dagger            ||    24
       Bite              ||     2
 Cast: Magic Dart        ||    14
  Use: Scroll            ||     7
       Potion            ||     1
Armor: Robe              ||     4
Dodge: Dodged            ||    24

Table legend:
 A = Spawn XP
 B = Non-spawn XP
 C = Spawn XP percentage of total XP
 D = Spawn monster count
 E = Non-spawn monster count
 F = Spawn count percentage of total count
 G = Total turns spent on level
                    A         B        C        D         E        F      G
               +---------+---------+-------+---------+---------+-------+---------
         Total |       0 |      11 |   0.0 |       0 |       8 |   0.0 |   583
               +---------+---------+-------+---------+---------+-------+---------
           D:1 |       0 |      11 |   0.0 |       0 |       8 |   0.0 |   574
               +---------+---------+-------+---------+---------+-------+---------
